 Dungeon Crawl Stone Soup version 0.20.1-1-g8b1a95d (webtiles) character file.

429 Linguinho the Skirmisher (level 6, -4/49 HPs)
             Began as a Demonspawn Abyssal Knight on Oct 30, 2017.
             Was a Priest of Lugonu.
             Slain by a river rat (8 damage)
             ... in a sewer.
             The game lasted 00:10:25 (4341 turns).

Linguinho the Skirmisher (DsAK)                     Turns: 4341, Time: 00:10:25

Health: -4/49      AC:  8    Str: 14    XL:     6   Next: 66%
Magic:  8/8        EV:  9    Int: 14    God:    Lugonu [***...]
Gold:   195        SH:  0    Dex: 12    Spells: 5/5 levels left

rFire    + . .     SeeInvis .   D - +2 quarterstaff (chaos)
rCold    + . .     Gourm    .   (shield currently unavailable)
rNeg     . . .     Faith    .   s - +1 scale mail {rC+}
rPois    .         Spirit   .   (no helmet)
rElec    .         Reflect  .   (no cloak)
rCorr    .         Harm     .   (no gloves)
MR       .....                  (no boots)
Stlth    ..........             (no amulet)
Regen    0.2/turn               (no ring)
MPRegen  0.2/turn               (no ring)

@: no status effects
A: fire resistance 1, powered by pain 1
a: Depart the Abyss, Bend Space, Banish, Renounce Religion


You were in a sewer.
You worshipped Lugonu.
Lugonu was most pleased with you.
You were not hungry.

You visited 1 branch of the dungeon, and saw 4 of its levels.
You visited the Abyss 1 time.
You also visited: Sewer.

You collected 195 gold pieces.

Inventory:

Hand Weapons
 a - a +1 mace
 D - a +2 quarterstaff of chaos (weapon)
Armour
 b - a +0 leather armour
 m - a +0 ring mail
 s - a +1 scale mail of cold resistance (worn)
 E - a +0 cloak
 J - a cursed +0 pair of boots
Jewellery
 k - an uncursed ring of fire {unknown}
 x - an uncursed ring of magical power {unknown}
 y - an uncursed ring of flight {unknown}
 F - an uncursed ring of ice {unknown}
Wands
 t - a wand of disintegration (13/24)
 z - a wand of polymorph (12/24)
Scrolls
 d - a scroll of amnesia {unknown}
 e - 2 scrolls of identify {unknown}
 f - a scroll of random uselessness {unknown}
 g - 2 scrolls of recharging {unknown}
 h - 3 scrolls of remove curse {unknown}
 l - a scroll of fear {unknown}
 p - 2 scrolls of magic mapping {unknown}
 q - a scroll of noise {unknown}
 r - 3 scrolls of teleportation {unknown}
 u - 2 scrolls of fog {unknown}
 B - a scroll of blinking {unknown}
 G - a scroll of enchant armour {unknown}
 I - a scroll of immolation {unknown}
Potions
 j - a potion of mutation {unknown}
 v - a potion of invisibility {unknown}
 w - 2 potions of degeneration {unknown}
 C - a potion of brilliance {unknown}
 H - a potion of cancellation {unknown}
Comestibles
 c - 2 bread rations
 i - a meat ration
 o - 2 royal jellies
 A - a fruit


   Skills:
 + Level 4.4 Fighting
 + Level 3.5(3.6) Maces & Flails
 + Level 1.0(2.4) Staves
 + Level 4.1 Armour
 + Level 1.5 Dodging
 + Level 0.6 Stealth
 + Level 3.1 Invocations


You had 5 spell levels left.
You didn't know any spells.

Dungeon Overview and Level Annotations

Branches:
Dungeon (4/15)             Temple (0/1) D:4

Altars:
Nemelex Xobeh


Innate Abilities, Weirdness & Mutations

Your flesh is heat resistant. (rF+)
You sometimes gain a little power by taking damage.


Message History

You hit the river rat.
Lightning courses through the river rat!
You kill the river rat!
Lugonu accepts your kill. The rat bites you but does no damage.
You feel better. The river rat bites you.
* * * LOW HITPOINT WARNING * * *
The rat bites you but does no damage.
You barely miss the rat. The river rat bites you.
* * * LOW HITPOINT WARNING * * *
The rat barely misses you.
You hit the rat.
The rat glows bright gold for a moment.
The rat is heavily wounded.
The river rat barely misses you. The rat bites you.
* * * LOW HITPOINT WARNING * * *
You hit the rat. You burn the rat.
You kill the rat!
Lugonu accepts your kill. The river rat bites you!
You die...

#≈#
#.#
#.#
#.#
#.#
#.#
#.#
#@#
#r#
#∩#
#.#
#.#
#.#
#.#
###


You could see a river rat.

Vanquished Creatures
  The ghost of AdmiralAndromeda the Covered, an amateur MiFi (D:3)
  Crazy Yiuf (D:3)
  An orc wizard (D:4)
  2 worker ants (D:4)
  3 river rats
  6 adders
  2 oozes
  2 worms (D:4)
  A dart slug (D:1)
  4 leopard geckos
  7 orcs
  8 bats
  4 giant cockroaches
  7 goblins
  9 hobgoblins
  11 kobolds
  3 quokkas
  A frilled lizard (D:2)
  9 rats
  A plant (D:1)
83 creatures vanquished.

Notes
Turn   | Place    | Note
-------+----------+-------------------------------------------
     0 | Abyss:1  | Linguinho the Demonspawn Abyssal Knight began the quest for the Orb.
     0 | Abyss:1  | Reached XP level 1. HP: 18/18 MP: 2/2
    27 | D:1      | Escaped the Abyss
   402 | D:1      | Gained mutation: You sometimes gain a little power by taking damage. [demonic ancestry]
   402 | D:1      | Reached XP level 2. HP: 19/24 MP: 3/3
   604 | D:1      | Reached skill level 1 in Dodging
   847 | D:1      | Reached XP level 3. HP: 23/29 MP: 5/5
  1373 | D:2      | Reached ** piety under Lugonu
  1379 | D:2      | Found a faded altar of an unknown god.
  1861 | D:3      | Reached XP level 4. HP: 24/37 MP: 6/6
  2072 | D:3      | Found a sparkling altar of Nemelex Xobeh.
  2712 | D:3      | Noticed AdmiralAndromeda's ghost (amateur MiFi)
  3117 | D:3      | Found a runed door.
  3121 | D:3      | Noticed Crazy Yiuf
  3129 | D:3      | Killed Crazy Yiuf
  3450 | D:3      | Killed AdmiralAndromeda's ghost
  3450 | D:3      | Reached XP level 5. HP: 6/42 MP: 7/7
  3766 | D:4      | Gained mutation: Your flesh is heat resistant. (rF+) [demonic ancestry]
  3766 | D:4      | Reached XP level 6. HP: 48/48 MP: 8/8
  3781 | D:4      | Found a staircase to the Ecumenical Temple.
  3954 | D:4      | HP: 2/48 [poisoned by a worker ant]
  4321 | D:4      | Reached *** piety under Lugonu
  4324 | D:4      | Found a glowing drain.
  4328 | Sewer    | Entered a sewer
  4331 | Sewer    | Reached skill level 1 in Staves
  4336 | Sewer    | HP: 2/49 [river rat (6)]
  4341 | Sewer    | Slain by a river rat

Skill      XL: |  1  2  3  4  5  6 |
---------------+-------------------+-----
Armour         | 2 3 4 |  4.1
Dodging        | 1 |  1.5
Maces & Flails | 2 3 |  3.5
Fighting       | 4 |  4.4
Invocations    | 3 |  3.1
Staves         | 1 |  1.0
Stealth        | |  0.6

Action                   |  1- 3 |  4- 6 || total
-------------------------+-------+-------++-------
Melee: Mace              |   136 |    58 ||   194
       Quarterstaff      |       |    90 ||    90
Invok: Bend Space        |       |     1 ||     1
  Use: Potion            |       |     2 ||     2
  Eat: Chunk             |     2 |       ||     2
       Bread ration      |     1 |       ||     1
       Meat ration       |       |     1 ||     1
Armor: Leather armour    |    35 |       ||    35
       Scale mail        |    13 |    60 ||    73
Dodge: Dodged            |    83 |    77 ||   160
